 Dungeon Crawl Stone Soup version 0.28-a0-556-gab23d0e057 (webtiles) character file.

Game seed: 16256922546262203940

280 SkeletonJelly the Spear-Bearer (level 6, -1/50 HPs)
             Began as a Merfolk Chaos Knight on Sept 29, 2021.
             Was a Plaything of Xom.
             Slain by Grinder (3 damage)
             ... while paralysed by Grinder
             ... on level 4 of the Dungeon.
             The game lasted 00:06:14 (3853 turns).

SkeletonJelly the Spear-Bearer (MfCK)               Turns: 3853, Time: 00:06:14

Health: -1/50      AC:  7    Str: 14    XL:     6   Next: 27%
Magic:  6/6        EV:  2    Int: 11    God:    Xom [..*...]
Gold:   117        SH:  0    Dex: 14    Spells: 5/5 levels left

rFire   . . .      SeeInvis .   a - +0 spear (chaos)
rCold   . . .      Faith    .   (no shield)
rNeg    . . .      Spirit   .   b - +2 leather armour
rPois   .          Reflect  .   n - +0 helmet
rElec   .          Harm     .   k - +0 cloak
rCorr   .          Rampage  .   (no gloves)
Will    .....                   (no boots)
Stlth   +.........              (no amulet)
HPRegen 0.16/turn               (no ring)
MPRegen 0.10/turn               (no ring)

@: paralysed, hasted
A: (nimble swimmer 2), mertail
a: Renounce Religion


You were on level 4 of the Dungeon.
You worshipped Xom.
You were a toy of Xom.
You visited 1 branch of the dungeon, and saw 4 of its levels.

You collected 117 gold pieces.

Inventory:

Hand Weapons
 a - a +0 spear of chaos (weapon)
 l - a +3 quarterstaff of chaos
Armour
 b - a +2 leather armour (worn)
 k - a +0 cloak (worn)
 n - a +0 helmet (worn)
Scrolls
 d - a scroll of blinking {unknown}
 e - 2 scrolls of identify {unknown}
 f - 2 scrolls of enchant weapon {unknown}
 g - 3 scrolls of teleportation {unknown}
 h - a scroll of noise {unknown}
 j - 2 scrolls of brand weapon {unknown}
 m - 2 scrolls of summoning {unknown}
Potions
 c - a potion of might {unknown}
 i - a potion of attraction {unknown}
 o - a potion of lignification {unknown}


   Skills:
 + Level 4.8 Fighting
 * Level 8.0 Polearms
 - Level 0.6 Armour
 - Level 4.0 Dodging


You had 5 spell levels left.
You didn't know any spells.
Your spell library was empty.

Dungeon Overview and Level Annotations

Branches:
Dungeon (4/15)
 Temple: D:4-7

Altars:

Annotations:
D:4 Grinder


Innate Abilities, Weirdness & Mutations

((You are quick and stealthy near water. (Stealth+, EV+, Speed+++)))
Your lower body shifts to a powerful aquatic tail in water.


Message History

An endoplasm is nearby!
An endoplasm is nearby!
The endoplasm quivers.
You hit the endoplasm but do no damage. You hit the endoplasm.
The endoplasm is heavily wounded.
The endoplasm freezes you.
You are frozen.
You take 5 damage, and have 45/50 hp.
You hit the endoplasm.
You kill the endoplasm!
No target in view!
No target in view!
No target in view!
No target in view!
No target in view!
Grinder comes into view.
Grinder shouts!
Health restored: 50 Grinder is nearby!
Grinder is nearby!
Grinder is nearby!
Grinder is nearby!
You hit Grinder.
Grinder is lightly wounded.
You closely miss Grinder.
Grinder is lightly wounded.
Grinder gestures at you. Pain shoots through your body!
You hit Grinder.
Grinder is lightly wounded.
Grinder hits you but does no damage.
You closely miss Grinder.
Grinder is lightly wounded.
You take 10 damage, and have 40/50 hp.
You hit Grinder.
Grinder is lightly wounded.
Xom smiles on you.
You feel yourself speed up. Grinder closely misses you.
You closely miss Grinder.
Grinder is lightly wounded.
You closely miss Grinder.
Grinder is lightly wounded.
Grinder misses you.
You barely miss Grinder.
Grinder is lightly wounded.
You hit Grinder.
Grinder seems to grow stronger.
Xom is highly amused!
Grinder is moderately wounded.
Grinder completely misses you.
You hit Grinder.
Grinder flickers and vanishes!
Deactivating autopickup; reactivate with Ctrl-A.
Xom thinks this is hilarious!
No target in view!
No target in view!
No target in view!
No target in view!
No target in view!
No target in view!
No target in view!
No target in view!
No target in view!
No target in view!
No target in view!
No target in view!
No target in view!
No target in view!
No target in view!
No target in view!
No target in view!
No target in view!
No target in view!
No target in view!
No target in view!
No target in view!
No target in view!
No target in view!
No target in view!
No target in view!
No target in view!
No target in view!
No target in view!
No target in view!
You hit something. Pain shoots through your body!
You take 13 damage, and have 27/50 hp.
MASSIVE DAMAGE!!
You closely miss something. You closely miss something.
You suddenly lose the ability to move!
Pain shoots through your body!
* * * LOW HITPOINT WARNING * * *
Something hits you but does no damage.
Something tries to affect you, but you resist.
Something hits you.
* * * LOW HITPOINT WARNING * * *
You writhe in agony.
* * * LOW HITPOINT WARNING * * *
Something hits you!
* * * LOW HITPOINT WARNING * * *
Something hits you.
You die... "I guess I need a new plaything now."

#.....<..... #.#
##.####)#### #.#
#.####.#### #.#
#.......... #.#
#.##...#### #.#
#.### #.# ##.# #{#
.##.# #####
######@######.##.#
....#
...............##.##
###.# #.
#######.###........#
#.# #. #.#
#.#####..# #.# #.##
#.# #.# #..# #.#
#... ..# #.# #..#
###.###..# ### #.#
#..# .........#
#.#####..#
.##.####†#
#.#......#


There were no monsters in sight!

Vanquished Creatures
  An ogre (D:4)
  Crazy Yiuf (D:2)
  4 gnolls
  5 adders
  An ufetubus (D:4)
  3 adder skeletons (D:4)
  5 dart slugs
  3 worms
  6 endoplasms
  3 giant cockroaches
  3 goblins (D:1)
  3 hobgoblins
  2 quokkas
  4 ball pythons
  5 bats
  4 frilled lizards
  5 kobolds
  3 rats
61 creatures vanquished.

Vanquished Creatures (others)
  3 fungi (D:2)
  8 plants (D:2)
11 creatures vanquished.

Grand Total: 72 creatures vanquished

Notes
Turn   | Place    | Note
-------+----------+-------------------------------------------
     0 | D:1      | SkeletonJelly the Merfolk Chaos Knight began the quest for
                  | the Orb.
     0 | D:1      | Reached XP level 1. HP: 18/18 MP: 1/1
    89 | D:1      | Reached XP level 2. HP: 12/24 MP: 2/2
   225 | D:1      | XOM: divination: detect items
   294 | D:1      | Reached skill level 5 in Polearms
   544 | D:1      | XOM: silly message
   657 | D:1      | Reached XP level 3. HP: 29/29 MP: 3/3
   776 | D:1      | XOM: silly message
  1464 | D:1      | XOM: silly message
  1582 | D:2      | XOM: divination: magic mapping
  1608 | D:2      | XOM: scenery: 1 doors open
  1628 | D:2      | Found a runed translucent door.
  1629 | D:2      | Noticed Crazy Yiuf
  1662 | D:2      | XOM: 1-stop teleportation journey
  1717 | D:2      | Reached XP level 4. HP: 19/37 MP: 4/4
  1906 | D:2      | Found a faded altar of an unknown god.
  1956 | D:2      | Reached skill level 6 in Polearms
  2304 | D:2      | XOM: 8-stop teleportation journey
  2760 | D:2      | XOM: potion effect (curing)
  2761 | D:2      | XOM: confuse monster(s)
  2766 | D:2      | Killed Crazy Yiuf
  2767 | D:2      | Reached XP level 5. HP: 42/42 MP: 5/5
  2921 | D:3      | XOM: silly message
  3174 | D:3      | Reached skill level 7 in Polearms
  3488 | D:4      | XOM: chaos cloud
  3577 | D:4      | XOM: 6-stop teleportation journey
  3630 | D:4      | Noticed an ogre
  3690 | D:4      | Killed an ogre
  3691 | D:4      | Reached skill level 8 in Polearms
  3691 | D:4      | Reached XP level 6. HP: 34/50 MP: 6/6
  3732 | D:4      | XOM: silly message
  3763 | D:4      | XOM: 8-stop teleportation journey
  3833 | D:4      | Noticed Grinder
  3839 | D:4      | XOM: potion effect (haste)
  3847 | D:4      | Paralysed by something for 6 turns
  3852 | D:4      | HP: 2/50 [something (10)]
  3853 | D:4      | Slain by Grinder

Illustrated notes

Levels and vault maps discovered:
D:1:      minmay_arrival_semitransparent, layout_basic,
          roderic_cross_of_infinity
D:2:      layout_basic, shapermc_ecumenical_altar_mp_ritualfount,
          dk_noncrumbling_4, uniq_crazy_yiuf_cottage
D:3:      layout_rooms
D:4:      layout_loops_ring, uniq_grinder

Skill      XL: |  1  2  3  4  5 |
---------------+----------------+-----
Dodging        | 3 4 |  4.0
Polearms       | 5 6 8 |  8.0
Fighting       | 4 |  4.8
Armour         | |  0.6

Action                   |  1- 3 |  4- 6 || total
-------------------------+-------+-------++-------
Melee: Spear             |    97 |   144 ||   241
 Stab: Paralysed         |     1 |     3 ||     4
       Confused          |       |     1 ||     1
       Sleeping          |       |     1 ||     1
Armor: Leather armour    |    29 |    22 ||    51
Dodge: Dodged            |    42 |    45 ||    87

Table legend: (Time is in decaauts)
 A = Elapsed time spent in this place.
 B = Non-inter-level travel time spent in this place.
 C = Inter-level travel time spent in this place.
 D = Time resting spent in this place.
 E = Time spent auto-exploring this place.
 F = Levels seen in this place.
 G = Mean time per level.
                   A        B        C        D        E       F      G
               +--------+--------+--------+--------+--------+-----+--------+
         Total |   3802 |   3699 |    103 |      0 |   3110 |   4 |  950.5 |
       Dungeon |   3802 |   3699 |    103 |      0 |   3110 |   4 |  950.5 |
               +--------+--------+--------+--------+--------+-----+--------+

Top non-repeatable levels by time:
     D:2: 1676 daAuts
     D:1: 1162 daAuts
     D:4: 520 daAuts
     D:3: 443 daAuts
